BLB
PHILADELPHIA FREEDOM @ BALTIMORE BULLDOGS
03/07/2060
 
TOP OF THE 1ST
Philadelphia Freedom batting - Pitching for Baltimore Bulldogs : LHP Jannero Peter
Pitching: LHP Jannero Peter
Batting: RHB Walter Muller 0-0: Ball
1-0: Ball
2-0: Swinging Strike
2-1: Foul Ball, location: 2F
2-2: Ball
3-2: Ground out 6-3 (Groundball, 56D, EV 97.5 MPH)
Batting: RHB Wellington Wingate 0-0: Foul Ball, location: 2F
0-1: Foul Ball, location: 2F
0-2: Ball
1-2: Foul Ball, location: 2F
1-2: Ball
2-2: Foul Ball, location: 2F
2-2: Foul Ball, location: 2F
2-2: Foul Ball, location: 2F
2-2: Ground out 4-3 (Groundball, 4M, EV 87.5 MPH)
Batting: LHB Rob Morris 0-0: Fly out, F8 (Flyball, 8LXD, EV 102.5 MPH)
Top of the 1st over - 0 runs, 0 hits, 0 errors, 0 left on base; Philadelphia 0 - Baltimore 0
BOTTOM OF THE 1ST
Baltimore Bulldogs batting - Pitching for Philadelphia Freedom : RHP Elliot Caldwell
Pitching: RHP Elliot Caldwell
Batting: RHB Joseph Olsen 0-0: Called Strike
0-1: Ball
1-1: Ground out 6-3 (Groundball, 6, EV 91.9 MPH)
Batting: LHB Justin Castiglioni 0-0: Called Strike
0-1: Foul Ball, location: 2F
0-2: Fly out, F8 (Flyball, 8RD, EV 97.5 MPH)
Batting: LHB Andy Wulfeck 0-0: Ball
1-0: Swinging Strike
1-1: Swinging Strike
1-2: Ground out 4-3 (Groundball, 34, EV 83.8 MPH)
Bottom of the 1st over - 0 runs, 0 hits, 0 errors, 0 left on base; Philadelphia 0 - Baltimore 0
TOP OF THE 2ND
Philadelphia Freedom batting - Pitching for Baltimore Bulldogs : LHP Jannero Peter
Batting: RHB Isaiah Thomas 0-0: Ball
1-0: Foul Ball, location: 2F
1-1: Ball
2-1: Called Strike
2-2: Foul Ball, location: 2F
2-2: Foul Ball, location: 2F
2-2: Foul Ball, location: 2F
2-2: Ball
3-2: Fly out, F9 (Flyball, 9, EV 95.0 MPH)
Batting: LHB Elliot Caldwell 0-0: Ball
1-0: Called Strike
1-1: Ball
2-1: Ground out 5-3 (Groundball, 15, EV 86.9 MPH)
Batting: RHB Joseph Flynn 0-0: Swinging Strike
0-1: Called Strike
0-2: Ball
1-2: SINGLE (Line Drive, 6MD, EV 96.9 MPH)
Batting: RHB James Lester 0-0: Foul Ball, location: 2F
Pickoff Throw to First - Out! 1-3 CS
Top of the 2nd over - 0 runs, 1 hit, 0 errors, 0 left on base; Philadelphia 0 - Baltimore 0
BOTTOM OF THE 2ND
Baltimore Bulldogs batting - Pitching for Philadelphia Freedom : RHP Elliot Caldwell
Batting: LHB Shan Waseem 0-0: Called Strike
0-1: Ball
1-1: Foul Ball, location: 2F
1-2: Ball
2-2: Ball
3-2: Fly out, F8 (Flyball, 8RXD, EV 104.4 MPH)
Batting: LHB Owen Keimig 0-0: Ball
1-0: Ground out 6-3 (Groundball, 6, EV 101.9 MPH)
Batting: LHB Kentrellis Donciu 0-0: Fly out, F8 (Flyball, 8RD, EV 97.5 MPH)
Bottom of the 2nd over - 0 runs, 0 hits, 0 errors, 0 left on base; Philadelphia 0 - Baltimore 0
TOP OF THE 3RD
Philadelphia Freedom batting - Pitching for Baltimore Bulldogs : LHP Jannero Peter
Batting: RHB James Lester 0-0: Ball
1-0: Called Strike
1-1: Foul Ball, location: 2F
1-2: Foul Ball, location: 2F
1-2: Ball
2-2: Ground out 6-3 (Groundball, 6, EV 84.4 MPH)
Batting: RHB Phillip Cox 0-0: Ball
1-0: SINGLE (Groundball, 6MD, EV 95.0 MPH)
Batting: RHB Garret Connors 0-0: Called Strike
0-1: Ball
1-1: SINGLE (Line Drive, 8RS, EV 106.9 MPH)
Phillip Cox to second
Batting: RHB Walter Muller 0-0: Foul Ball, location: 2F
0-1: Swinging Strike
0-2: Strikes out swinging
Batting: RHB Wellington Wingate 0-0: Called Strike
0-1: Foul Ball, location: 2F
0-2: Foul Ball, location: 2F
0-2: Ball
1-2: Ball
2-2: Ball
3-2: Foul Ball, location: 2F
3-2: Foul Ball, location: 2F
3-2: SINGLE (Line Drive, 7S, EV 96.2 MPH)
Phillip Cox to third
Garret Connors to second
Phillip Cox scores
Garret Connors to third
Batting: LHB Rob Morris 0-0: Called Strike
0-1: Swinging Strike
0-2: Ball
1-2: Strikes out swinging
Top of the 3rd over - 1 run, 3 hits, 0 errors, 2 left on base; Philadelphia 1 - Baltimore 0
BOTTOM OF THE 3RD
Baltimore Bulldogs batting - Pitching for Philadelphia Freedom : RHP Elliot Caldwell
Batting: SHB Cole Watson 0-0: Foul Ball, location: 2F
0-1: Ground out 6-3 (Groundball, 56, EV 104.4 MPH)
Batting: RHB Neil Shoemaker 0-0: Swinging Strike
0-1: SINGLE (Groundball, 6MD, EV 99.4 MPH)
Batting: RHB Antonio Boyle 0-0: Ball
1-0: Swinging Strike
1-1: Ball
2-1: Grounds into double play, 6-4-3 (Groundball, 6, EV 90.6 MPH)
Bottom of the 3rd over - 0 runs, 1 hit, 0 errors, 0 left on base; Philadelphia 1 - Baltimore 0
TOP OF THE 4TH
Philadelphia Freedom batting - Pitching for Baltimore Bulldogs : LHP Jannero Peter
Batting: RHB Isaiah Thomas 0-0: Called Strike
0-1: Ball
1-1: Ball
2-1: Ball
3-1: Base on Balls
Batting: LHB Elliot Caldwell 0-0: SINGLE (Groundball, 34, EV 95.6 MPH)
Isaiah Thomas to second
Runner from 2nd tries for 3rd, SAFE, throw by RF made to third
Batting: RHB Joseph Flynn 0-0: Called Strike
0-1: Ball
1-1: Foul Ball, location: 2F
1-2: DOUBLE (Flyball, 78D, EV 100.6 MPH)
Isaiah Thomas scores
Elliot Caldwell to third
Runner from 3rd tries for Home, throw by CF and OUT! 8-2
Joseph Flynn to third
Batting: RHB James Lester 0-0: Ball
1-0: Ball
2-0: Fly out, F9 (Flyball, 9S, EV 86.9 MPH)
Batting: RHB Phillip Cox 0-0: Swinging Strike
0-1: Swinging Strike
0-2: Ball
1-2: Strikes out swinging
Top of the 4th over - 1 run, 2 hits, 0 errors, 1 left on base; Philadelphia 2 - Baltimore 0
BOTTOM OF THE 4TH
Baltimore Bulldogs batting - Pitching for Philadelphia Freedom : RHP Elliot Caldwell
Batting: RHB Joseph Olsen 0-0: Ball
1-0: SINGLE (Groundball, 6MS, EV 89.4 MPH) (infield hit)
Batting: LHB Justin Castiglioni 0-0: Ball
1-0: Ball
2-0: Swinging Strike
2-1: Called Strike
2-2: Ball
3-2: Strikes out swinging
Joseph Olsen steals 2nd base (no throw)
Batter strikes out.
Batting: LHB Andy Wulfeck 0-0: Called Strike
0-1: Called Strike
0-2: Foul Ball, location: 2F
0-2: Ball
1-2: Ball
2-2: Foul Ball, location: 2F
2-2: Ball
3-2: Strikes out swinging
Batting: LHB Shan Waseem 0-0: Called Strike
0-1: Ball
1-1: Foul Ball, location: 2F
1-2: Ball
2-2: Ball
3-2: Fly out, F9 (Flyball, 9, EV 85.0 MPH)
Bottom of the 4th over - 0 runs, 1 hit, 0 errors, 1 left on base; Philadelphia 2 - Baltimore 0
TOP OF THE 5TH
Philadelphia Freedom batting - Pitching for Baltimore Bulldogs : LHP Jannero Peter
Pitching: LHP Jonas Zimmerman
Now at 1B: Sonny Zidane
Batting: RHB Garret Connors 0-0: Called Strike
0-1: Swinging Strike
0-2: Ball
1-2: Strikes out looking
Pinch Hitting: LHB Marlon Johnson 0-0: Called Strike
0-1: Swinging Strike
0-2: Ball
1-2: Ground out 6-3 (Groundball, 6, EV 91.9 MPH)
Batting: RHB Wellington Wingate 0-0: Called Strike
0-1: Ball
1-1: Fly out, F7 (Flyball, 7D, EV 86.2 MPH)
Top of the 5th over - 0 runs, 0 hits, 0 errors, 0 left on base; Philadelphia 2 - Baltimore 0
BOTTOM OF THE 5TH
Baltimore Bulldogs batting - Pitching for Philadelphia Freedom : RHP Elliot Caldwell
Now at C: Gavin Hubble
Now in LF: Amonte Raper
Now in RF: Steven Giblin
Batting: LHB Owen Keimig 0-0: Ball
1-0: Called Strike
1-1: Ball
2-1: Swinging Strike
2-2: Strikes out swinging
Batting: LHB Kentrellis Donciu 0-0: Called Strike
0-1: Foul Ball, location: 2F
0-2: Ball
1-2: SINGLE (Groundball, 6MD, EV 108.8 MPH)
Batting: SHB Cole Watson 0-0: Ball
1-0: Ball
2-0: Foul Ball, location: 2F
2-1: Ground out 4-3 (Groundball, 4MD, EV 101.2 MPH)
Kentrellis Donciu to second
Batting: RHB Neil Shoemaker 0-0: Ball
1-0: Called Strike
1-1: Ball
2-1: Ground out 6-3 (Groundball, 6, EV 102.5 MPH)
Bottom of the 5th over - 0 runs, 1 hit, 0 errors, 1 left on base; Philadelphia 2 - Baltimore 0
TOP OF THE 6TH
Philadelphia Freedom batting - Pitching for Baltimore Bulldogs : LHP Jonas Zimmerman
Pitching: RHP Jim Miller
Now at 2B: Peter Clothier
Now in CF: Charlie Estes
Now in RF: Joseph Olsen
Pinch Hitting: RHB Coby Setko 0-0: Ball
1-0: Foul Ball, location: 2F
1-1: Ball
2-1: Called Strike
2-2: Foul Ball, location: 2F
2-2: Strikes out looking
Batting: LHB Amonte Raper 0-0: Called Strike
0-1: Ball
1-1: Fly out, F8 (Flyball, 8RD, EV 101.9 MPH)
Pinch Hitting: SHB Wes Johnson 0-0: Foul Ball, location: 2F
0-1: Foul Ball, location: 2F
0-2: Strikes out swinging
Top of the 6th over - 0 runs, 0 hits, 0 errors, 0 left on base; Philadelphia 2 - Baltimore 0
BOTTOM OF THE 6TH
Baltimore Bulldogs batting - Pitching for Philadelphia Freedom : RHP Elliot Caldwell
Pitching: RHP Rich Thomas
Now at 1B: Sage Emerson
Now in CF: Coby Setko
Batting: RHB Antonio Boyle 0-0: Fly out, F7 (Flyball, 7LM, EV 93.1 MPH)
Pinch Hitting: SHB Val Schmit 0-0: Foul Ball, location: 2F
0-1: Ball
1-1: Called Strike
1-2: Fly out, F6 (Popup, 6MD, EV 53.1 MPH)
Batting: LHB Peter Clothier 0-0: Ball
1-0: Ball
2-0: Foul Ball, location: 2F
2-1: Ball
3-1: Ground out 1-3 (Groundball, 34S, EV 73.8 MPH)
Bottom of the 6th over - 0 runs, 0 hits, 0 errors, 0 left on base; Philadelphia 2 - Baltimore 0
TOP OF THE 7TH
Philadelphia Freedom batting - Pitching for Baltimore Bulldogs : RHP Jim Miller
Pitching: LHP Levi Backman
Now in RF: Val Schmit
Batting: LHB Sage Emerson 0-0: Fly out, F3 (Line Drive, 3L, EV 68.1 MPH)
Pinch Hitting: RHB Art Swor 0-0: Ball
1-0: Ball
2-0: SINGLE (Flyball, 89M, EV 95.0 MPH)
Batting: RHB Phillip Cox 0-0: Ball
1-0: Fly out, F9 (Flyball, 9D, EV 101.9 MPH)
Batting: RHB Steven Giblin 0-0: Ball
1-0: Ball
2-0: Ground out 4-3 (Groundball, 4, EV 105.6 MPH)
Top of the 7th over - 0 runs, 1 hit, 0 errors, 1 left on base; Philadelphia 2 - Baltimore 0
BOTTOM OF THE 7TH
Baltimore Bulldogs batting - Pitching for Philadelphia Freedom : RHP Rich Thomas
Pitching: LHP Clay O'Gara
Now at 3B: Josh Frost
Pinch Hitting: LHB Gregg Flores 0-0: Ball
1-0: Foul Ball, location: 2F
1-1: Foul Ball, location: 2F
1-2: Hit by Pitch
Batting: RHB Sonny Zidane 0-0: Ball
Passed Ball!
Gregg Flores to second
1-0: Ball
2-0: Swinging Strike
2-1: Foul Ball, location: 2F
2-2: Ground out 4-3 (Groundball, 4MD, EV 98.8 MPH)
Gregg Flores to third
Pinch Hitting: RHB Tre Hempfling 0-0: Ball
1-0: Called Strike
1-1: Ground out U3 (Groundball, 13, EV 85.0 MPH)
Gregg Flores scores
Batting: RHB Stephen Cuff 0-0: Ball
1-0: Foul Ball, location: 2F
1-1: SINGLE (Flyball, 4D, EV 91.2 MPH)
Batting: SHB Cole Watson 0-0: Ball
1-0: Ball
2-0: Called Strike
2-1: Fielders Choice at 2nd, 6-4 (Groundball, 6, EV 90.0 MPH)
Bottom of the 7th over - 1 run, 1 hit, 0 errors, 1 left on base; Philadelphia 2 - Baltimore 1
TOP OF THE 8TH
Philadelphia Freedom batting - Pitching for Baltimore Bulldogs : LHP Levi Backman
Pitching: LHP Carl Vertullo
Now in LF: Gregg Flores
Now in CF: Tre Hempfling
Batting: RHB Gavin Hubble 0-0: Called Strike
0-1: Ground out 4-3 (Groundball, 34, EV 93.1 MPH)
Batting: RHB Wellington Wingate 0-0: Ball
1-0: Called Strike
1-1: Ground out 5-3 (Groundball, 56, EV 80.6 MPH)
Batting: RHB Coby Setko 0-0: Reached on error, E5 (Groundball, 56, EV 86.9 MPH)
Batting: LHB Amonte Raper 0-0: Ball
1-0: Foul Ball, location: 2F
1-1: Fly out, F7 (Flyball, 78XD, EV 103.8 MPH)
Top of the 8th over - 0 runs, 0 hits, 1 error, 1 left on base; Philadelphia 2 - Baltimore 1
BOTTOM OF THE 8TH
Baltimore Bulldogs batting - Pitching for Philadelphia Freedom : LHP Clay O'Gara
Batting: RHB Neil Shoemaker 0-0: Called Strike
0-1: Hit by Pitch
Batting: RHB Antonio Boyle 0-0: Called Strike
0-1: Called Strike
0-2: Ball
1-2: Ball
2-2: Foul Ball, location: 2F
2-2: Grounds into double play, 6-4-3 (Groundball, 6, EV 91.2 MPH)
Batting: SHB Val Schmit 0-0: Called Strike
0-1: Foul Ball, location: 2F
0-2: Ball
1-2: Ball
2-2: Foul Ball, location: 2F
2-2: Strikes out swinging
Bottom of the 8th over - 0 runs, 0 hits, 0 errors, 0 left on base; Philadelphia 2 - Baltimore 1
TOP OF THE 9TH
Philadelphia Freedom batting - Pitching for Baltimore Bulldogs : LHP Carl Vertullo
Pitching: LHP Bryan Crapps
Batting: RHB Josh Frost 0-0: Ball
1-0: Ball
2-0: Fly out, F7 (Line Drive, 78M, EV 96.9 MPH)
Batting: LHB Sage Emerson 0-0: Swinging Strike
0-1: Ball
1-1: Foul Ball, location: 2F
1-2: Ball
2-2: Foul Ball, location: 2F
2-2: Foul Ball, location: 2F
2-2: Strikes out swinging
Batting: LHB Clay O'Gara 0-0: Foul Ball, location: 2F
0-1: Ball
1-1: Called Strike
1-2: Foul Ball, location: 2F
1-2: Strikes out looking
Top of the 9th over - 0 runs, 0 hits, 0 errors, 0 left on base; Philadelphia 2 - Baltimore 1
BOTTOM OF THE 9TH
Baltimore Bulldogs batting - Pitching for Philadelphia Freedom : LHP Clay O'Gara
Pitching: RHP Alec Jarvis
Batting: LHB Peter Clothier 0-0: Ball
1-0: Called Strike
1-1: Foul Ball, location: 2F
1-2: Fly out, F8 (Flyball, 8LD, EV 97.5 MPH)
Batting: LHB Gregg Flores 0-0: Ball
1-0: Foul Ball, location: 2F
1-1: Ball
2-1: Foul Ball, location: 2F
2-2: Ball
3-2: Strikes out swinging
Pinch Hitting: SHB Ulisses Schnopp 0-0: Called Strike
0-1: Called Strike
0-2: Ball
1-2: Ball
2-2: Foul Ball, location: 2F
2-2: Ground out 4-3 (Groundball, 4, EV 85.6 MPH)
Bottom of the 9th over - 0 runs, 0 hits, 0 errors, 0 left on base; Philadelphia 2 - Baltimore 1
Wednesday, April 17th , 2024 - OOTP Baseball 23.10 Build 110